AoeStats
← ShadyParks

Arabia

508055078Analyzed
1v1 RM · 10d ago on Sep 20, 2026· 69m 54s· 2 players
Game mode
Random Map
Map size
Tiny (2 player)
Population
200
Speed
Normal
Resources
Standard
Victory
Conquest
Starting age
Dark Age
Ending age
Imperial Age
RankedLock teamsTeams togetherTeam positionsShared explorationLock speedFull tech treeHidden civsTurbo modeCheats
Victory
Defeat
🇺🇸 Chinese · United States
639
+17
🇦🇹 Byzantines · Austria
653
-17
ShadyParks
0:31 Loom
11:11 Feudal Age
11:38 Double-Bit Axe
11:38 Horse Collar
17:12 Fletching
24:53 Castle Age
25:43 Thumb Ring
27:18 Wheelbarrow
29:30 Bow Saw
29:12 Gold Mining
29:59 Crossbowman
30:47 Padded Archer Armor
32:09 Bloodlines
33:52 Bodkin Arrow
34:13 Leather Archer Armor
34:24 Ballistics
46:19 Imperial Age
48:50 Bracer
49:21 Ring Archer Armor
48:30 Arbalester
49:39 Conscription
53:29 Chemistry
58:44 Heavy Rocket Cart
60:24 Gold Shaft Mining
jakthekob
10:11 Loom
11:56 Feudal Age
10:17 Loom
12:48 Double-Bit Axe
14:48 Forging
14:43 Scale Barding Armor
15:08 Horse Collar
20:32 Fletching
20:42 Padded Archer Armor
24:48 Wheelbarrow
27:43 Castle Age
28:30 Elite Skirmisher
29:18 Thumb Ring
29:20 Husbandry
30:22 Gold Mining
30:22 Stone Mining
31:15 Pikeman
31:56 Squires
33:53 Hand Cart
33:52 Bow Saw
33:46 Heavy Plow
35:58 Gold Shaft Mining
35:58 Stone Shaft Mining
36:49 Bodkin Arrow
37:09 Leather Archer Armor
37:30 Iron Casting
37:15 Chain Barding Armor
36:56 Scale Mail Armor
47:02 Imperial Age
47:39 Ballistics
48:14 Logistica
47:25 Elite Cataphract
49:53 Two-Man Saw
53:51 Bracer
54:22 Ring Archer Armor
56:07 Ring Archer Armor
56:52 Chemistry
59:05 Onager
60:41 Crop Rotation
63:11 Light Cavalry
64:01 Hussar
65:39 Cavalier
Connection lost

Rejoining the realm…

Still unreachable

The connection could not be restored.

Session expired

The server has moved on; the page needs a fresh start.